 Dungeon Crawl Stone Soup version 0.23-a0-386-g9c9d49f623 (webtiles) character file.

6752 Niddhogr the Destroyer (level 11, -1/80 HPs)
             Began as a Formicid Wizard on Oct 29, 2018.
             Was an Initiate of Gozag.
             Killed from afar by a catoblepas (2 damage)
             ... with a blast of calcifying dust
             ... on level 8 of the Dungeon.
             The game lasted 00:49:43 (10144 turns).

Niddhogr the Destroyer (Formicid Wizard)           Turns: 10144, Time: 00:49:44

Health: -1/80      AC:  5    Str: 14    XL:     11   Next: 24%
Magic:  20/20      EV:  2    Int: 19    God:    Gozag
Gold:   1183       SH:  0    Dex:  9    Spells: 13/22 levels left

rFire    + . .     SeeInvis +   u - +0 blowgun
rCold    . . .     Gourm    .   F - +0 buckler
rNeg     + + +     Faith    .   K - +2 leather armour {rF+}
rPois    ∞         Spirit   .   (helmet unavailable)
rElec    .         Reflect  .   (no cloak)
rCorr    .         Harm     .   (no gloves)
MR       +....                  (no boots)
Stlth    ++........             (no amulet)
HPRegen  0.23/turn              d - ring of positive energy
MPRegen  0.17/turn              A - +5 ring of evasion

@: petrified
A: permanent stasis, dig shafts and tunnels, four strong arms, antennae 3
a: Dig, Shaft Self, Potion Petition, Call Merchant, Bribe Branch, Renounce
Religion


You were on level 8 of the Dungeon.
You worshipped Gozag.
Gozag was most pleased with you.
You were not hungry.

You visited 2 branches of the dungeon, and saw 9 of its levels.

You collected 1224 gold pieces.
You paid 41 gold pieces to Gozag.

Inventory:

Hand Weapons
 a - a +1 spear of freezing
 j - a +0 dagger of venom
 u - a +0 blowgun (weapon)
Missiles
 v - 20 poisoned needles (quivered)
 w - 5 throwing nets
 D - 170 arrows
 E - 5 needles of sleeping
Armour
 B - a +1 robe of fire resistance
 F - a +0 buckler (worn)
 K - a +2 leather armour of fire resistance (worn)
Magical Staves
 b - an uncursed staff of cold
Jewellery
 d - a ring of positive energy (left hand)
 f - an uncursed ring of protection from magic
 q - an uncursed ring of protection from fire
 A - a +5 ring of evasion (right hand)
Wands
 s - a wand of polymorph (12)
 y - a wand of acid (4)
 C - a wand of paralysis (16)
Scrolls
 k - 2 scrolls of amnesia {unknown}
 l - a scroll of fear {unknown}
 n - a scroll of teleportation {unknown}
 o - 2 scrolls of noise {unknown}
 G - 2 scrolls of torment {unknown}
 H - 2 scrolls of enchant weapon {unknown}
Potions
 e - 2 potions of lignification {unknown}
 i - 2 potions of mutation
 m - 4 potions of curing
 p - a potion of haste {unknown}
 r - a potion of might {unknown}
 t - a potion of brilliance {unknown}
 x - a potion of invisibility {unknown}
 z - 3 potions of berserk rage {unknown}
 I - 3 potions of ambrosia
 J - a potion of flight {unknown}
Comestibles
 c - 12 rations


   Skills:
 - Level 5.3 Fighting
 - Level 0.3 Short Blades
 + Level 0.0 Staves
 - Level 5.7 Armour
 - Level 1.7 Dodging
 - Level 5.0 Stealth
 - Level 8.4 Shields
 - Level 0.5 Unarmed Combat
 - Level 6.2 Spellcasting
 - Level 10.3 Conjurations
   Level 1.0 Summonings
   Level 0.8 Translocations


You had 13 spell levels left.
You knew the following spells:

 Your Spells              Type           Power        Failure   Level  Hunger
a - Magic Dart            Conj           ####         1%          1    None
b - Mephitic Cloud        Conj/Pois/Air  ###.....     10%         3    ##.....
c - Conjure Flame         Conj/Fire      ####....     4%          3    ##.....
d - Searing Ray           Conj           #####.       1%          2    None

Your spell library contained the following spells:

 Spells                   Type           Power        Failure   Level  Hunger
 Iskenderun's Mystic Bla  Conj           #####...     1%          4    ####...
 Dazzling Spray           Conj/Hex       ####..       4%          3    ##.....
 Force Lance              Conj/Tloc      ####....     13%         4    ####...
 Call Imp                 Summ           #.......     14%         2    None
 Fulminant Prism          Conj/Hex       ####......   16%         4    ####...
 Slow                     Hex            #.......     21%         2    None
 Blink                    Tloc           Unusable     N/A         2    N/A

Dungeon Overview and Level Annotations

Branches:
Dungeon (8/15)             Temple (1/1) D:4
   Lair: D:8-11

Altars:
Ashenzari
Cheibriados
Dithmenos
Elyvilon
Fedhas
Gozag
Hepliaklqana
Kikubaaqudgha
Makhleb
Nemelex Xobeh
Okawaru
Qazlal
Ru
Sif Muna
Trog
Uskayaw
Vehumet
Wu Jian
Xom
Yredelemnul
Zin
The Shining One

Shops:
D:7 (   D:8 [

Annotations:
D:7 exclusion: ice statue
D:8 exclusions: door and 3 more exclusions


Innate Abilities, Weirdness & Mutations

You cannot be hasted, slowed, berserked, paralysed or teleported.
You can dig through walls and to a lower floor.
Your four strong arms can wield two-handed weapons with a shield.
You have a pair of large antennae on your head. (SInv)


Message History

* * * LOW HITPOINT WARNING * * *
The catoblepas breathes a plume of calcifying dust at you.
The blast of calcifying dust hits you!
* * * LOW HITPOINT WARNING * * *
You are engulfed in calcifying dust.
You are slowing down.
Unknown command.
You are engulfed in calcifying dust.
Your limbs are stiffening.
The catoblepas looks more healthy.
You have turned to stone.
The catoblepas barely misses you. The catoblepas gores you!
* * * LOW HITPOINT WARNING * * *
The catoblepas gores you!
* * * LOW HITPOINT WARNING * * *
The catoblepas gores you!
* * * LOW HITPOINT WARNING * * *
The catoblepas breathes a plume of calcifying dust at you.
The blast of calcifying dust hits you!
You die...
Your body crumbles into a pile of gold.

##..(...............##....####
##......#......##.#.##.#.....#
##.......#...#........)"....[#
)..........#.........#.#.....#
...............##....#)#....>#
##.......#.###.##....#.#.....#
#...........#..#..)....######
#...........##.?<.......##
#...........###@.........##
####..∩.......Y...........#
#....######............#
#....# #............# #....#
##..........## #....#
##........## ###### ##########


You could see a catoblepas.

Vanquished Creatures
  Harold (D:7)
  A death knight (D:8)
  Pikel (D:4)
  A deep elf mage (D:8)
  A wolf spider (D:8)
  A manticore (D:8)
  A gargoyle (D:8)
  Prince Ribbit (D:8)
  A hippogriff (D:7)
  Menkaure (D:7)
  A hungry ghost (D:8)
  2 sky beasts
  4 slaves (D:4)
  2 ice beasts
  3 orc warriors
  4 ogres
  4 centaurs
  3 bullfrogs
  4 wights (D:6)
  A howler monkey (D:8)
  2 crimson imps
  7 hounds
  A jelly (D:7)
  10 orc wizards
  5 orc priests
  3 iguanas
  5 worker ants
  A hound zombie (D:8)
  A hound skeleton (D:4)
  A worker ant zombie (D:7)
  9 adders
  4 shadow imps
  3 oozes
  An adder skeleton (D:4)
  5 worms
  3 dart slugs
  5 leopard geckos
  26 orcs
  11 bats
  8 giant cockroaches
  8 hobgoblins
  7 jackals
  9 kobolds
  3 quokkas
  2 ball pythons
  5 frilled lizards
  A giant cockroach zombie (D:6)
  4 goblins
  A jackal skeleton (D:7)
  3 leopard gecko skeletons
  A leopard gecko zombie (D:6)
  7 rats
200 creatures vanquished.

Notes
Turn   | Place    | Note
-------+----------+-------------------------------------------
     0 | D:1      | Niddhogr the Formicid Wizard began the quest for the Orb.
     0 | D:1      | Reached XP level 1. HP: 13/13 MP: 4/4
    15 | D:1      | Reached skill level 1 in Conjurations
   304 | D:1      | Reached XP level 2. HP: 19/19 MP: 0/6
   852 | D:1      | Reached skill level 2 in Conjurations
  1356 | D:2      | Reached XP level 3. HP: 24/24 MP: 3/7
  1479 | D:2      | Learned a level 3 spell: Mephitic Cloud
  1483 | D:2      | Learned a level 3 spell: Conjure Flame
  1585 | D:2      | Reached skill level 3 in Conjurations
  1615 | D:2      | Reached XP level 4. HP: 16/30 MP: 8/8
  2287 | D:3      | Reached XP level 5. HP: 33/35 MP: 9/9
  2393 | D:3      | Reached skill level 4 in Conjurations
  2657 | D:3      | Noticed an ogre
  2760 | D:3      | Reached XP level 6. HP: 20/41 MP: 1/10
  3047 | D:3      | Reached skill level 5 in Conjurations
  3131 | D:3      | Killed an ogre
  3185 | D:4      | Learned a level 2 spell: Searing Ray
  3219 | D:4      | Found a staircase to the Ecumenical Temple.
  3228 | Temple   | Entered the Ecumenical Temple
  3329 | Temple   | Became a worshipper of Gozag Ym Sagoz the Greedy
  3379 | D:4      | Noticed a slave
  3411 | D:4      | Killed a slave
  3608 | D:4      | Reached skill level 6 in Conjurations
  3608 | D:4      | Reached XP level 7. HP: 35/46 MP: 4/11
  3902 | D:4      | Found a basalt altar of Yredelemnul.
  4339 | D:4      | Noticed Pikel
  4573 | D:4      | Killed Pikel
  4573 | D:4      | Reached XP level 8. HP: 33/52 MP: 4/17
  4882 | D:5      | Entered Level 5 of the Dungeon
  4945 | D:5      | Reached skill level 7 in Conjurations
  4968 | D:5      | Reached skill level 1 in Fighting
  5848 | D:6      | Reached skill level 1 in Shields
  5936 | D:5      | Reached XP level 9. HP: 51/65 MP: 3/18
  6103 | D:6      | Reached skill level 5 in Fighting
  6232 | D:6      | Reached skill level 5 in Stealth
  7217 | D:7      | Noticed Menkaure
  7278 | D:7      | Reached skill level 8 in Conjurations
  7328 | D:7      | Found a stormy altar of Qazlal.
  7463 | D:7      | Found Hitruirr's Weapon Shoppe.
  7667 | D:7      | Noticed an ice statue
  7718 | D:7      | Killed Menkaure
  7718 | D:7      | Reached skill level 9 in Conjurations
  7718 | D:7      | Reached XP level 10. HP: 74/74 MP: 19/19
  7810 | D:7      | Noticed Harold
  7871 | D:7      | Killed Harold
  7871 | D:7      | Reached skill level 10 in Conjurations
  8191 | D:8      | Found Pabuych's Armour Shop.
  8222 | D:8      | Noticed a gargoyle
  8581 | D:8      | Reached skill level 5 in Shields
  8587 | D:8      | Noticed Prince Ribbit
  8679 | D:8      | Killed Prince Ribbit
  8686 | D:8      | Killed a gargoyle
  8801 | D:8      | Noticed a deep elf mage
  8807 | D:8      | Noticed a manticore
  8813 | D:8      | Killed a deep elf mage
  8823 | D:8      | Noticed a death knight
  8972 | D:8      | Noticed a wolf spider
  8979 | D:8      | Killed a wolf spider
  8979 | D:8      | Reached XP level 11. HP: 34/80 MP: 11/20
  9070 | D:8      | Reached skill level 1 in Armour
  9185 | D:8      | Killed a manticore
  9501 | D:8      | Killed a death knight
  9501 | D:8      | Reached skill level 5 in Armour
  9770 | D:8      | Noticed a catoblepas
  9771 | D:8      | Noticed a death drake
  9991 | D:8      | Noticed a shining eye
 10142 | D:8      | HP: 4/80 [catoblepas (8)]
 10143 | D:8      | HP: 1/80 [catoblepas (4)]
 10144 | D:8      | Killed from afar by a catoblepas

Vault maps used:
D:1:      dpeg_arrival_arbitrary_c
D:2:      first_ration, corexii_hall_statues_deadend
D:3:      minmay_ruptured
D:4:      nicolae_overflow_crystal_walls, minmay_temple_entry_mist,
          kennysheep_nondescript, uniq_pikel
D:7:      lemuel_ice_statue, serial_shops, shop, basic_altar, minivault_24,
          grunt_ogre_cave, eino_small_chamber_without_monster,
          kennysheep_another_room, uniq_harold, uniq_menkaure
D:8:      serial_shops, shop, minmay_evil_grid, uniq_prince_ribbit1
Temple:   kilobyte_greek_temple

Skill      XL: |  1  2  3  4  5  6  7  8  9 10 11 |
---------------+----------------------------------+-----
Conjurations   | 1 2 3 4 6 7 9 10 | 10.3
Spellcasting   | 6 |  6.2
Fighting       | 4 5 |  5.3
Shields        | 2 8 |  8.4
Stealth        | 5 |  5.0
Armour         | 5 |  5.7
Short Blades   | |  0.3
Dodging        | |  1.7
Unarmed Combat | |  0.5
Summonings     | |  1.0
Translocations | |  0.8

Action                   |  1- 3 |  4- 6 |  7- 9 | 10-12 || total
-------------------------+-------+-------+-------+-------++-------
Melee: Unarmed           |    18 |       |       |       ||    18
       Dagger            |    16 |   134 |   234 |    91 ||   475
 Fire: Blowgun           |       |       |    38 |    42 ||    80
 Cast: Magic Dart        |    59 |    84 |    88 |    30 ||   261
       Mephitic Cloud    |       |       |     9 |     5 ||    14
       Searing Ray       |       |       |    16 |    20 ||    36
       Conjure Flame     |       |       |     1 |     3 ||     4
Invok: Potion Petition   |       |       |       |     1 ||     1
Evoke: Wand              |       |       |     1 |     2 ||     3
  Use: Potion            |       |     1 |       |     2 ||     3
       Scroll            |       |       |     5 |     3 ||     8
 Stab: Sleeping          |       |     3 |     3 |     3 ||     9
       Confused          |       |       |     4 |       ||     4
       Distracted        |       |       |     2 |       ||     2
       Paralysed         |       |       |     2 |       ||     2
       Invisible         |       |       |       |     1 ||     1
  Eat: Chunk             |     2 |     6 |     1 |       ||     9
       Ration            |       |       |     4 |     2 ||     6
Armor: Robe              |     7 |    21 |    22 |     2 ||    52
       Leather armour    |       |       |       |    15 ||    15
Dodge: Dodged            |    35 |    94 |   163 |    92 ||   384
Block: Buckler           |       |       |    15 |    34 ||    49

Table legend:
 A = Non-vault XP
 B = Vault XP
 C = Vault XP percentage of total XP
 D = Non-vault monster count
 E = Vault monster count
 F = Vault count percentage of total count
                 A         B        C        D         E       F
            +---------+---------+-------+---------+---------+-------
      Total |    4706 |    4941 |  51.2 |     180 |      16 |   8.2
            +---------+---------+-------+---------+---------+-------
        D:1 |      27 |       0 |   0.0 |      16 |       0 |   0.0
        D:2 |     107 |       0 |   0.0 |      28 |       0 |   0.0
        D:3 |     286 |       8 |   2.7 |      31 |       4 |  11.4
        D:4 |     386 |     651 |  62.8 |      23 |       1 |   4.2
        D:5 |     593 |       0 |   0.0 |      15 |       0 |   0.0
        D:6 |    1030 |       0 |   0.0 |      33 |       0 |   0.0
        D:7 |    1088 |    1334 |  55.1 |      16 |       3 |  15.8
        D:8 |    1189 |    2948 |  71.3 |      18 |       8 |  30.8
            +---------+---------+-------+---------+---------+-------
